 Dungeon Crawl Stone Soup version 0.29.1-12-g30fa7ad0bf (webtiles) character file.

Game seed: 9092228278183168812

13769 leafyfresh the Nimble (level 12, -21/87 HPs)
             Began as a Djinni Ice Elementalist on Dec 12, 2022.
             Was a Priest of Makhleb.
             Demolished by Fannar
             ... wielding a staff of cold
              (37 damage)
             ... on level 12 of the Dungeon on Jan 10, 2023.
             The game lasted 00:52:20 (17173 turns).

leafyfresh the Nimble (Djinni Ice Elementalist)    Turns: 17173, Time: 00:52:20

Health: -21/87     AC:  6    Str:  7    XL:     12   Next: 36%
Gold:   615        EV: 18    Int: 23    God:    Makhleb [***...] SH:  0 Dex: 15

rFire   + . .      SeeInvis .   r - +2 quarterstaff (chaos)
rCold   . . .      Faith    .   (shield currently unavailable)
rNeg    . . .      Spirit   .   z - +0 steam dragon scales
rPois   ∞          Reflect  .   (no helmet)
rElec   .          Harm     .   s - +0 cloak
rCorr   +          Rampage  .   (no gloves)
Will    +....                   (boots unavailable)
Stlth   ++........              G - amulet of regeneration
HPRegen 1.04/turn               h - ring of ice
MPRegen 0.00/turn               y - ring "Usku Zod" {Wiz Fly rPois rCorr Int+2}

@: flying
A: sickness immunity, fire resistance 2, cold vulnerability 1, float, innate
caster, HP casting, extra vitality 1
a: Renounce Religion, Minor Destruction, Lesser Servant of Makhleb


You were on level 12 of the Dungeon.
You worshipped Makhleb.
Makhleb was most pleased with you.
You visited 1 branch of the dungeon, and saw 12 of its levels.

You collected 765 gold pieces.
You spent 150 gold pieces at shops.

Inventory:

Hand Weapons
 i - a +0 dagger of protection
 r - a +2 quarterstaff of chaos (weapon)
Armour
 a - a +0 robe
 s - a +0 cloak (worn)
 z - +0 steam dragon scales (worn)
Magical Staves
 n - a staff of death
Jewellery
 h - a ring of ice (left hand)
 w - a ring of willpower
 x - a ring of ice
 y - the ring "Usku Zod" (right hand) {Wiz Fly rPois rCorr Int+2}
   (You acquired it on level 12 of the Dungeon)

   [ring of wizardry]

   It improves your spell success rate.
   Int:       It affects your intelligence (+2).
   rPois:     It protects you from poison.
   Fly:       It grants you flight.
   rCorr:     It protects you from acid and corrosion.
 G - an amulet of regeneration (around neck)
Wands
 A - a wand of iceblast (11)
 F - a wand of flame (16)
Scrolls
 b - 2 scrolls of summoning
 c - 5 scrolls of noise
 d - 4 scrolls of teleportation
 e - a scroll of amnesia
 g - 3 scrolls of poison
 k - 2 scrolls of enchant armour
 l - 2 scrolls of magic mapping
 m - 2 scrolls of immolation
 E - a scroll of fog
 H - 2 scrolls of blinking
 J - 3 scrolls of identify
Potions
 f - 3 potions of curing
 j - 2 potions of resistance
 o - a potion of might
 p - 2 potions of mutation {unknown}
 q - 4 potions of degeneration
 t - 2 potions of heal wounds {unknown}
 u - 2 potions of lignification {unknown}
 v - 2 potions of brilliance {unknown}
 B - 2 potions of berserk rage
 D - a potion of attraction {unknown}
Miscellaneous
 I - a condenser vane


   Skills:
 + Level 8.3 Fighting
 - Level 12.0 Dodging
 - Level 1.5 Stealth
 - Level 9.1 Spellcasting
 + Level 8.3 Invocations


You had 5 spell levels left.
You knew the following spells:

 Your Spells              Type           Power      Damage    Failure   Level
a - Freeze                Ice            100%       1d11      1%          1
b - Frozen Ramparts       Ice            100%       1d16      1%          3
c - Ozocubu's Armour      Ice            68%        N/A       1%          3
d - Hailstorm             Conj/Ice       68%        3d14      1%          4
e - Necrotise             Necr           100%       1d9       1%          1
f - Scorch                Fire           100%       2d10      1%          2
g - Poisonous Vapours     Pois/Air       100%       N/A       1%          2
h - Cause Fear            Hex            25%        N/A       1%          4
i - Airstrike             Air            25%        2d(4-20)  1%          4
Your spell library was empty.

Dungeon Overview and Level Annotations

Branches:
Dungeon (12/15)            Temple (0/1) D:5            Lair (0/5) D:10
    Orc (0/2) D:12

Altars:
Makhleb
Ru

Shops:
D:7 (**==   D:9 ?   D:10 *

Annotations:
D:6 2 transporters
D:12 Fannar


Innate Abilities, Weirdness & Mutations

You are immune to sickness and miasma.
You are immune to poison.
Your flesh is very heat resistant. (rF++)
You are vulnerable to cold. (rC-)
You float through the air rather than walking.
You learn spells naturally, not from books.
Your magical power is your life essence.
You have superior vitality. (+4 MHP)


Message History

Aiming: Freeze (safe; 1% risk of failure)
Press: ? - help, Shift-Dir - straight line, f/p - Fannar
Aim: Fannar, wielding a staff of cold and wearing a +1 robe of cold resistance (severely wounded)
You feel a surge of power!
You freeze Fannar.
Fannar resists.
Fannar is severely wounded.
Fannar completely resists.
The wall freezes Fannar but does no damage.
Fannar hits you but does no damage. Fannar freezes you!
The wall freezes the ice beast but does no damage. x2
Unknown command.
Press: ? - help, v - describe, . - travel
Here: Fannar, wielding a staff of cold and wearing a +1 robe of cold resistance (severely wounded)
The floor.
Casting: Freeze (safe; 1% risk of failure)
Confirm with . or Enter, or press ? or * to list all spells.
Okay, then.
Casting: Freeze (safe; 1% risk of failure)
Confirm with . or Enter, or press ? or * to list all spells.
Aiming: Freeze (safe; 1% risk of failure)
Press: ? - help, Shift-Dir - straight line, f/p - Fannar
Aim: Fannar, wielding a staff of cold and wearing a +1 robe of cold resistance (severely wounded)
You feel a surge of power!
You freeze Fannar.
Fannar resists.
Fannar is severely wounded.
Fannar completely resists.
The wall freezes Fannar but does no damage.
Fannar hits you with a staff of cold. Fannar freezes you!
* * * LOW HITPOINT WARNING * * *
The ice beast completely resists.
The wall freezes the ice beast but does no damage.
The ice beast completely resists.
The wall freezes the ice beast but does no damage.
Blink to where?
Press: ? - help, Dir - move target, p - Fannar Your icy armour cracks and falls away as you move.
The frozen ramparts melt away as you move.
As you read the scroll of blinking, it crumbles to dust.
Fannar casts a spell.
Fannar gestures wildly while chanting.
Fannar drains the heat from the surrounding environment!
You die...

......>...##
##....###.....###...
###..###..###
##....#.......#.... ....##
#....# ###.............##
##..# ##...# ####.......####
#..# ##..## ####>####
#..######...# ######
#...........## .....
#.######.....#########......
#.# ####....@.....eY.....
#.# ##...#######Y.....
##...###### ..... ##.......#
###. #.......# ##......#
##.....# #######


You could see Fannar and 2 ice beasts.

Vanquished Creatures
  3 boulder beetles
  A centaur warrior (D:11)
  3 two-headed ogres
  A cyclops (D:10)
  2 ugly things
  Maggie (D:9)
  A gargoyle (D:10)
  An unseen horror (D:6)
  Psyche (D:9)
  A troll (D:12)
  A hornet (D:10)
  Sigmund (D:3)
  A vampire (D:11)
  4 shadows
  Eustachio (D:5)
  4 yaks (D:8)
  A steam dragon (D:8)
  3 wraiths
  A warg (D:12)
  An acid dragon (D:9)
  8 orc warriors
  2 water moccasins
  A sky beast (D:7)
  An ice beast (D:7)
  A black bear (D:6)
  An ogre (D:6)
  8 centaurs
  A phantom (D:7)
  3 kobold brigands
  2 bullfrogs
  A gnoll sergeant (D:6)
  3 scorpions
  10 wights
  2 necrophages
  4 howler monkeys
  5 hounds
  6 jellies
  2 orc priests
  Crazy Yiuf (D:3)
  Terence (D:2)
  3 iguanas
  9 orc wizards
  4 gnolls (D:6)
  14 adders
  4 shadow imps
  4 white imps
  An ufetubus (D:4)
  A dart slug (D:1)
  38 orcs
  9 ball pythons
  5 endoplasms
  2 giant cockroaches
  11 goblins
  11 hobgoblins
  6 jackals (D:4)
  7 quokkas
  3 bats
  5 frilled lizards
  13 kobolds
  5 rats
251 creatures vanquished.

Vanquished Creatures (others)
  2 plants (D:7)
2 creatures vanquished.

Grand Total: 253 creatures vanquished

Notes
Turn   | Place    | Note
-------+----------+-------------------------------------------
     0 | D:1      | leafyfresh the Djinni Ice Elementalist began the quest for
                  | the Orb.
     0 | D:1      | leafyfresh set off with the following spells memorised:
                  | Freeze, Frozen Ramparts, Ozocubu's Armour, Hailstorm.
     0 | D:1      | Reached XP level 1. HP: 15/15 MP: 0/0
   545 | D:1      | Reached XP level 2. HP: 14/21 MP: 0/0
  1372 | D:1      | Found a faded altar of an unknown god.
  1626 | D:2      | Reached skill level 3 in Dodging
  1626 | D:2      | Reached XP level 3. HP: 22/25 MP: 0/0
  1626 | D:2      | Learned a level 1 spell: Necrotise
  1737 | D:2      | Noticed Terence
  1748 | D:2      | Killed Terence
  1749 | D:2      | Reached XP level 4. HP: 15/31 MP: 0/0
  1957 | D:2      | You are sucked into a shaft and drop 2 floors!
  2293 | D:4      | Reached skill level 4 in Dodging
  2293 | D:4      | Reached XP level 5. HP: 23/35 MP: 0/0
  2293 | D:4      | Learned a level 2 spell: Scorch
  3562 | D:3      | Noticed Sigmund
  4003 | D:3      | Killed Sigmund
  4004 | D:3      | Reached skill level 5 in Dodging
  4004 | D:3      | Reached XP level 6. HP: 9/40 MP: 0/0
  4344 | D:3      | Found a runed translucent door.
  4345 | D:3      | Noticed Crazy Yiuf
  4354 | D:3      | Killed Crazy Yiuf
  4586 | D:4      | Reached XP level 7. HP: 39/45 MP: 0/0
  4586 | D:4      | Learned a level 2 spell: Poisonous Vapours
  4917 | D:4      | Reached skill level 5 in Spellcasting
  5120 | D:4      | Found a burning altar of Makhleb.
  5356 | D:4      | Became a worshipper of Makhleb the Destroyer
  5381 | D:5      | Entered Level 5 of the Dungeon
  5481 | D:5      | Reached skill level 6 in Dodging
  5836 | D:5      | Noticed Eustachio
  5860 | D:5      | HP: 2/45 [ufetubus[Eustachio] (2)]
  5861 | D:5      | Killed Eustachio
  6168 | D:5      | Found a sacrificial altar of Ru.
  6437 | D:5      | Reached XP level 8. HP: 49/50 MP: 0/0
  6495 | D:5      | Found a staircase to the Ecumenical Temple.
  6577 | D:5      | Reached skill level 7 in Dodging
  7152 | D:6      | Found a transporter.
  7156 | D:6      | Found a transporter.
  7995 | D:6      | Reached * piety under Makhleb
  8002 | D:6      | Reached skill level 8 in Dodging
  8419 | D:6      | Reached XP level 9. HP: 45/55 MP: 0/0
  8419 | D:6      | Learned a level 4 spell: Cause Fear
  8904 | D:6      | Noticed a two-headed ogre
  8911 | D:6      | Killed a two-headed ogre
  8912 | D:6      | Reached skill level 9 in Dodging
  8929 | D:6      | Killed an unseen horror
  9255 | D:7      | Reached skill level 10 in Dodging
  9389 | D:7      | Noticed a two-headed ogre
  9397 | D:7      | Killed a two-headed ogre
  9398 | D:7      | Reached XP level 10. HP: 49/60 MP: 0/0
  9725 | D:7      | Found Avuyhov's Jewellery Shop.
  9738 | D:7      | Found Kinwec's Jewellery Emporium.
  9937 | D:7      | Found Widoud's Assorted Antiques.
  9951 | D:7      | Reached skill level 11 in Dodging
 10613 | D:7      | Found Nuegin's General Store.
 10683 | D:7      | Found Muxif's Antique Weapon Shoppe.
 11167 | D:8      | Reached ** piety under Makhleb
 11521 | D:8      | Reached skill level 12 in Dodging
 11681 | D:8      | Reached skill level 1 in Invocations
 11741 | D:8      | Reached skill level 1 in Fighting
 12256 | D:9      | Noticed Maggie
 12370 | D:9      | Reached XP level 11. HP: 52/68 MP: 0/0
 12370 | D:9      | Learned a level 4 spell: Airstrike
 12928 | D:9      | Noticed a two-headed ogre
 12938 | D:9      | Killed a two-headed ogre
 13266 | D:9      | Found Abechy Jocu's Magic Scroll Shop.
 13362 | D:9      | Killed Maggie
 13481 | D:9      | Noticed Psyche
 13496 | D:9      | Killed Psyche
 14015 | D:10     | Entered Level 10 of the Dungeon
 14422 | D:10     | Reached skill level 5 in Fighting
 14422 | D:10     | Reached skill level 5 in Invocations
 14600 | D:10     | Found a staircase to the Lair.
 14609 | D:10     | Noticed a cyclops
 15022 | D:10     | Found Ympolim's CLEARANCE SALE!.
 15241 | D:10     | Bought an amulet of regeneration for 150 gold pieces
 15470 | D:10     | Killed a cyclops
 15813 | D:11     | Noticed a centaur warrior
 15813 | D:11     | Noticed a red ugly thing
 15821 | D:11     | Killed a red ugly thing
 15825 | D:11     | Killed a centaur warrior
 15841 | D:11     | Noticed a boulder beetle
 16024 | D:11     | Killed a boulder beetle
 16024 | D:11     | Reached *** piety under Makhleb
 16123 | D:11     | Reached XP level 12. HP: 59/84 MP: 0/0
 16485 | D:12     | Noticed a boulder beetle
 16495 | D:12     | Killed a boulder beetle
 16584 | D:12     | Identified a scroll of acquirement
 16682 | D:12     | Acquired the ring "Usku Zod" {Wiz Fly rPois rCorr Int+2}
 16700 | D:12     | Noticed a boulder beetle
 16722 | D:12     | Killed a boulder beetle
 16795 | D:12     | Found a staircase to the Orcish Mines.
 16977 | D:12     | Noticed Fannar
 17070 | D:11     | Upgraded the game from 0.29.1-4-g47bece8355 to
                  | 0.29.1-12-g30fa7ad0bf
 17173 | D:12     | Demolished by Fannar

Illustrated notes

Levels and vault maps discovered:
D:1:      minmay_arrival_plants_in_alcoves, layout_loops_ring,
          basic_ecumenical_altar, minmay_tree_intersection
D:2:      layout_rooms, uniq_terence
D:3:      wad_crossroads, layout_basic, uniq_crazy_yiuf_cottage, uniq_sigmund
D:4:      cheibrodos_greedy_goblins, layout_layer_cave, lemuel_doored_altar,
          kennysheep_potato
D:5:      layout_basic, mainiacjoe_overflow_surrounded_room,
          minmay_temple_entry_antechambers, dk_noncrumbling_2, uniq_eustachio
D:6:      minmay_cornered_nines, layout_basic, gammafunk_temple_overflow_arena
D:7:      layout_cave_pods, serial_shops, shop, nicolae_shop_overgrown_old_shop,
          shop, shop_statue, shop, hangedman_minor_gate_pass
D:8:      layout_basic, mrwooster_statue_mirror
D:9:      layout_rooms, serial_shops, shop, uniq_psyche, uniq_maggie
D:10:     layout_loops_ring, lair_entry_dummy, serial_glass, glass_columns_c,
          glass_columns_a, chequers_serial_rivers_small_3,
          nicolae_shop_clearance
D:11:     layout_roguey
D:12:     layout_rooms, david_orc_1_choice, nicolae_kikubaaqudgha_miasma_corner,
          uniq_fannar

Skill      XL: |  1  2  3  4  5  6  7  8  9 10 11 12 |
---------------+-------------------------------------+-----
Dodging        | 3 4 5 6 8 10 12 | 12.0
Spellcasting   | 4 5 6 8 9 |  9.1
Invocations    | 1 7 8 |  8.3
Fighting       | 1 6 8 |  8.3
Stealth        | |  1.5

Action                   |  1- 3 |  4- 6 |  7- 9 | 10-12 || total
-------------------------+-------+-------+-------+-------++-------
Melee: Unarmed           |    19 |    16 |       |       ||    35
       Dagger            |       |    63 |       |       ||    63
       Quarterstaff      |       |       |    71 |     9 ||    80
 Cast: Freeze            |    37 |     8 |     3 |    43 ||    91
       Frozen Ramparts   |     1 |    10 |    28 |    44 ||    83
       Ozocubu's Armour  |     1 |     3 |    10 |    32 ||    46
       Necrotise         |       |    16 |    13 |    10 ||    39
       Scorch            |       |     9 |    48 |   142 ||   199
       Hailstorm         |       |     1 |     5 |    27 ||    33
       Poisonous Vapours |       |       |     6 |    11 ||    17
       Cause Fear        |       |       |     2 |    11 ||    13
       Airstrike         |       |       |       |    24 ||    24
Invok: Minor Destruction |       |       |       |     1 ||     1
  Use: Scroll            |       |       |    10 |    12 ||    22
       Potion            |       |       |     2 |     2 ||     4
 Stab: Sleeping          |     1 |     2 |       |       ||     3
Armor: Robe              |     7 |    26 |    43 |     1 ||    77
       Steam dragon scal |       |       |       |    26 ||    26
Dodge: Dodged            |    28 |    79 |   138 |    94 ||   339
